 Dungeon Crawl Stone Soup version 0.16.2-12-gd0ad4c3 (webtiles) character file.

1601 faibistes the Thaumaturge (level 8, -1/48 HPs)
             Began as a Deep Elf Wizard on Dec 30, 2018.
             Succumbed to faibistes' ghost's poison
             ... in an ossuary.
             The game lasted 00:23:25 (6766 turns).

faibistes the Thaumaturge (Deep Elf Wizard)         Turns: 6766, Time: 00:23:25

Health: -1/48      AC:  4    Str:  4    XL:     8   Next: 62%
Magic:  5/29       EV: 15    Int: 26    God:
Gold:   136        SH:  0    Dex: 13    Spells: 6 memorised, 14 levels left

rFire  . . .     SeeInvis .     h - +0 dagger (speed)
rCold  . . .     Clarity  .     a - +0 robe
rNeg   . . .     SustAb   .     (no shield)
rPois  .         Gourm    .     w - +1 helmet
rElec  .         Spirit   .     (no cloak)
rCorr  .         Warding  .     (no gloves)
rMut   .         Stasis   .     (no boots)
MR     .....                    (no amulet)
Stlth  ++........               (no ring)
                                (no ring)

@: lethally poisoned (-1 -> -14), repel missiles, not resistant to hostile
enchantments, unstealthy
A: no striking features
a: no special abilities


You were in an ossuary.
You were not hungry.

You visited 1 branch of the dungeon, and saw 6 of its levels.
You also visited: Sewer and Ossuary.

You collected 188 gold pieces.
You spent 52 gold pieces at shops.

Inventory:

Hand weapons
 h - a +0 dagger of speed (weapon)
Armour
 a - a +0 robe (worn)
 b - a +1 hat
 w - a +1 helmet (worn)
Scrolls
 f - 4 scrolls of blinking
 g - a scroll of random uselessness
 r - a scroll of remove curse
Potions
 j - 5 potions of restore abilities
 k - a potion of flight
 m - 2 potions of agility
 n - a potion of lignification
 p - a potion of cure mutation
 s - a potion of heal wounds {unknown}
 t - a potion of haste {unknown}
 v - a potion of poison {unknown}
 x - 2 potions of degeneration
Books
 c - a book of Minor Magic

   Spells                             Type                      Level
   a - Magic Dart                     Conjuration                  1
   b - Blink                          Translocation                2
   c - Call Imp                       Summoning                    2
   d - Repel Missiles                 Charms/Air                   2
   e - Slow                           Hexes                        2
   f - Conjure Flame                  Conjuration/Fire             3
   g - Mephitic Cloud                 Conjuration/Poison/Air       3
Comestibles
 d - 2 bread rations
 l - 3 meat rations
 o - 9 fruits
 u - 2 slices of pizza


   Skills:
 * Level 4.0 Fighting
 + Level 6.1 Dodging
 - Level 2.4 Stealth
 * Level 10.3 Spellcasting
 - Level 3.6 Conjurations
 - Level 1.1 Summonings
 - Level 3.3 Translocations


You had 14 spell levels left.
You knew the following spells:

 Your Spells              Type           Power        Failure   Level  Hunger
a - Magic Dart            Conj           ####         1%          1    None
b - Conjure Flame         Conj/Fire      ###.....     10%         3    None
c - Call Imp              Summ           ###.....     4%          2    None
d - Blink                 Tloc           N/A          1%          2    None
e - Mephitic Cloud        Conj/Pois/Air  ###.....     10%         3    None
f - Repel Missiles        Chrm/Air       ##....       10%         2    None


Dungeon Overview and Level Annotations

Branches:
Dungeon (6/15)
 Temple: D:4-7

Altars:
Kikubaaqudgha
Qazlal
Xom
The Shining One

Shops:
D:6 *

Annotations:
Ossuary faibistes' ghost, average DEWz


Message History

* * * LOW HITPOINT WARNING * * *
You feel sick.
A crimson imp opens the door.
Faibistes' ghost hits your crimson imp!
Your crimson imp hits faibistes' ghost but does no damage.
You close the door.
* * * LOW HITPOINT WARNING * * *
You feel sick.
A crimson imp opens the door.
Your crimson imp misses faibistes' ghost.
Faibistes' ghost completely misses your crimson imp.
You close the door.
* * * LOW HITPOINT WARNING * * *
You feel sick.
A crimson imp opens the door.
Your crimson imp hits faibistes' ghost but does no damage.
Faibistes' ghost gestures wildly while chanting.
Faibistes' ghost blinks!
An arrow misses faibistes' ghost!
You close the door.
* * * LOW HITPOINT WARNING * * *
You feel sick.
A crimson imp opens the door.
You close the door.
You die...

#5^^# #^^^#
#.^.# #^^.#
###'# #...#
##########.^^#
#!!!!#..5#..^#
+!$[!#.§5+@W^#
#!!!!#...#..∩#
##############


You could see faibistes' ghost.

Vanquished Creatures
  Eustachio (D:4)
  Edmund (D:5)
  An orc warrior (D:6)
  Purgy (Sewer)
  An ice beast (D:6)
  2 ogres (D:4)
  Sigmund (D:2)
  A giant frog zombie (D:6)
  2 hounds (D:4)
  5 orc priests
  An iguana (D:4)
  4 orc wizards
  A giant frog skeleton (D:4)
  A worker ant (D:6)
  Ijyb (D:3)
  A hound zombie (D:6)
  Robin (D:4)
  6 gnolls
  8 adders
  3 shadow imps
  2 giant mites
  2 worms
  3 adder zombies (Ossuary)
  3 giant geckos
  An ooze (D:3)
  22 orcs
  10 bats
  4 gnoll zombies (Ossuary)
  16 hobgoblins
  A jackal (D:1)
  3 ball pythons
  7 giant cockroaches
  A giant cockroach zombie (D:6)
  5 giant newts
  19 goblins
  A goblin zombie (D:6)
  3 hobgoblin zombies
  10 kobolds
  4 kobold zombies
  2 orc skeletons (D:6)
  4 orc zombies
  17 rats
183 creatures vanquished.

Vanquished Creatures (collateral kills)
  A gnoll (D:3)
  An adder (D:2)
  A shadow imp (Ossuary)
  A white imp (Ossuary)
  A worm (D:4)
  3 jackals (D:1)
  A giant newt (D:2)
9 creatures vanquished.

Vanquished Creatures (others)
  A human (D:4)
  3 crimson imps
  A shadow imp (D:3)
  2 white imps (D:4)
  2 adder zombies (Ossuary)
  A rat (D:4)
  A plant (D:6)
11 creatures vanquished.

Grand Total: 203 creatures vanquished

Notes
Turn   | Place    | Note
--------------------------------------------------------------
     0 | D:1      | faibistes, the Deep Elf Wizard, began the quest for the Orb.
     0 | D:1      | Reached XP level 1. HP: 10/10 MP: 6/6
   361 | D:1      | Reached XP level 2. HP: 15/15 MP: 8/10
   365 | D:1      | Learned a level 2 spell: Blink
   368 | D:1      | Learned a level 2 spell: Call Imp
   741 | D:2      | Reached skill level 5 in Spellcasting
   830 | D:2      | Reached XP level 3. HP: 19/19 MP: 7/14
   835 | D:2      | Learned a level 3 spell: Conjure Flame
   839 | D:2      | Learned a level 3 spell: Mephitic Cloud
  1596 | D:2      | Noticed Sigmund
  2325 | D:4      | Reached XP level 4. HP: 24/24 MP: 1/17
  2367 | D:4      | Noticed Eustachio
  2578 | D:4      | Reached skill level 6 in Spellcasting
  2594 | D:4      | Reached XP level 5. HP: 19/28 MP: 10/20
  2707 | D:4      | Learned a level 2 spell: Repel Missiles
  2751 | D:4      | Found a glowing drain.
  2755 | Sewer    | Entered a sewer
  2797 | Sewer    | Noticed Purgy
  2804 | Sewer    | Killed Purgy
  2971 | Sewer    | Reached XP level 6. HP: 25/32 MP: 16/22
  3182 | D:4      | Found an ancient bone altar of Kikubaaqudgha.
  3182 | D:4      | Noticed a human
  3185 | D:4      | Killed a human
  3200 | D:5      | Entered Level 5 of the Dungeon
  3253 | D:4      | Killed Eustachio
  3253 | D:4      | Reached skill level 7 in Spellcasting
  3603 | D:4      | Reached XP level 7. HP: 24/36 MP: 9/25
  3737 | D:2      | Found a stormy altar of Qazlal.
  3754 | D:2      | Killed Sigmund
  3754 | D:2      | Reached skill level 1 in Fighting
  3754 | D:2      | Reached skill level 8 in Spellcasting
  4197 | D:3      | Noticed Ijyb
  4209 | D:3      | Killed Ijyb
  4974 | D:4      | Noticed Robin
  4980 | D:4      | Killed Robin
  5148 | D:4      | Noticed an ogre
  5170 | D:4      | Killed an ogre
  5170 | D:4      | Reached skill level 5 in Dodging
  5170 | D:4      | Reached skill level 9 in Spellcasting
  5242 | D:4      | Noticed an ogre
  5251 | D:4      | Killed an ogre
  5251 | D:4      | Reached XP level 8. HP: 45/45 MP: 17/28
  5498 | D:4      | Found a shimmering altar of Xom.
  5783 | D:5      | Noticed Edmund
  5793 | D:5      | Killed Edmund
  5998 | D:6      | Found a glowing golden altar of the Shining One.
  6030 | D:6      | Reached skill level 10 in Spellcasting
  6264 | D:6      | Found Diannea's General Store.
  6273 | D:6      | Bought 2 scrolls of identify for 52 gold pieces
  6348 | D:6      | Found a sand-covered staircase.
  6356 | Ossuary  | Entered an ossuary
  6478 | Ossuary  | Noticed faibistes' ghost (average DEWz)
  6763 | Ossuary  | HP: 2/48 [poisoned by faibistes' ghost]
  6766 | Ossuary  | Succumbed to faibistes' ghost's poison

Action                   |  1- 3 |  4- 6 |  7- 9 || total
-------------------------+-------+-------+-------++-------
Melee: Dagger            |    11 |    11 |    41 ||    63
 Cast: Magic Dart        |   101 |    78 |   222 ||   401
       Call Imp          |    11 |       |    18 ||    29
       Mephitic Cloud    |     5 |     7 |    21 ||    33
       Conjure Flame     |     2 |     4 |    27 ||    33
       Repel Missiles    |       |     3 |     3 ||     6
       Blink             |       |       |     5 ||     5
  Use: Scroll            |     7 |     5 |     6 ||    18
       Potion            |       |     1 |     2 ||     3
 Stab: Confused          |     1 |     3 |     2 ||     6
  Eat: Chunk             |     4 |     4 |     9 ||    17
       Fruit             |       |       |     1 ||     1
